 Dungeon Crawl Stone Soup version 0.17-a0-1863-g715b4b0 (webtiles) character file.

77 matakusis the Ducker (level 4, 0/34 HPs)
             Began as a Demonspawn Gladiator on Sept 20, 2015.
             Succumbed to thorn's ghost's poison
             ... on level 3 of the Dungeon.
             The game lasted 00:07:35 (1784 turns).

matakusis the Ducker (Demonspawn Gladiator)         Turns: 1784, Time: 00:07:35

Health: 0/34       AC:  9    Str: 15    XL:     4   Next: 13%
Magic:  2/4        EV: 15    Int: 10    God:
Gold:   76         SH:  0    Dex: 14    Spells: 0 memorised, 3 levels left

rFire  . . .     SeeInvis .     a - +0 war axe
rCold  . . .     Clarity  .     b - +0 leather armour
rNeg   . . .     SustAt   .     (no shield)
rPois  .         Gourm    .     c - +0 helmet
rElec  .         Spirit   .     g - +1 cloak
rCorr  .         Warding  .     k - +2 pair of gloves
rMut   .         Stasis   .     (no boots)
MR     .....                    (no amulet)
Stlth  +.........               (no ring)
                                (no ring)

@: lethally poisoned (0 -> -7), very slightly contaminated, hasted and slowed,
drained, not resistant to hostile enchantments, very unstealthy
A: repulsion field 1
a: no special abilities


You were on level 3 of the Dungeon.
You were not hungry.

You visited 1 branch of the dungeon, and saw 3 of its levels.

You collected 76 gold pieces.

Inventory:

Hand weapons
 a - a +0 war axe (weapon)
Missiles
 d - 3 throwing nets (quivered)
Armour
 b - a +0 leather armour (worn)
 c - a +0 helmet (worn)
 g - a +1 cloak (worn)
 k - a +2 pair of gloves (worn)
Scrolls
 f - 2 scrolls of remove curse
 j - 3 scrolls of identify
Potions
 o - a potion of curing
Comestibles
 e - 6 bread rations
 h - 4 chunks of flesh
 i - a meat ration


   Skills:
 + Level 2.4(2.1) Fighting
 + Level 3.2(3.0) Axes
 - Level 1.7(1.5) Throwing
 + Level 0.8(0.6) Armour
 * Level 3.7(3.5) Dodging


You had 3 spell levels left.
You didn't know any spells.

Dungeon Overview and Level Annotations

Branches:
Dungeon (3/15)

Altars:
Elyvilon
Nemelex Xobeh

Annotations:
D:3 Sigmund; thorn's ghost, average HuCK


Innate Abilities, Weirdness & Mutations

You are surrounded by a mild repulsion field (EV +2).


Message History

Thorn's ghost is moderately damaged.
Thorn's ghost hits you!
You feel your power leaking away.
You slash thorn's ghost!
Thorn's ghost is heavily damaged.
The giant newt hisses menacingly.
Thorn's ghost closely misses you.
You hit thorn's ghost.
Thorn's ghost is severely damaged.
Thorn's ghost hits you but does no damage.
You are electrocuted!
Ouch! That really hurt!
* * * LOW HITPOINT WARNING * * *
Thorn's ghost hits you.
* * * LOW HITPOINT WARNING * * *
You are lethally poisoned!
* * * LOW HITPOINT WARNING * * *
You feel sick.
You see here 23 stones.
You die...

### # #.## #. #..
.. #.########..
#######.#.........
#.(W.gl{..#.#.#.#.
#@#####.#.........
#.# ###.#.#.#.#$#$
#.# ..............
... #.##..#.#@#.#.
... #.#...[.......
#...[#.#.#.#.#.#.#.
#....#.#...........
+....#.#.......#...
..................


You could see thorn's ghost, a goblin and a giant newt.

Vanquished Creatures
  3 adders (D:2)
  An ooze (D:2)
  A worm (D:2)
  A giant gecko (D:1)
  A ball python (D:1)
  2 bats (D:2)
  2 giant cockroaches
  6 goblins
  7 hobgoblins
  2 jackals (D:1)
  A giant newt (D:1)
  4 kobolds (D:2)
  3 quokkas (D:2)
  4 rats
38 creatures vanquished.

Notes
Turn   | Place    | Note
--------------------------------------------------------------
     0 | D:1      | matakusis the Demonspawn Gladiator began the quest for the Orb.
     0 | D:1      | Reached XP level 1. HP: 16/16 MP: 1/1
   249 | D:1      | Reached skill level 3 in Dodging
   249 | D:1      | Gained mutation: You are surrounded by a mild repulsion field (EV +2). [demonic ancestry]
   249 | D:1      | Reached XP level 2. HP: 22/22 MP: 2/2
   927 | D:2      | Reached XP level 3. HP: 18/27 MP: 3/3
  1244 | D:2      | Found a sparkling altar of Nemelex Xobeh.
  1561 | D:2      | Found a white marble altar of Elyvilon.
  1617 | D:2      | Reached XP level 4. HP: 32/34 MP: 4/4
  1760 | D:3      | Noticed thorn's ghost (average HuCK)
  1764 | D:3      | Noticed Sigmund
  1783 | D:3      | HP: 1/34 [poisoned by thorn's ghost]
  1784 | D:3      | Succumbed to thorn's ghost's poison

Vault maps used:
D:1:      lightli_arrival_statuegarden, serial_park_tiny_2
D:2:      overflow_temple_1_default, first_bread, elyvilon_altar_1
D:3:      serial_glass, glass_columns_b, glass_columns_a, glass_columns_a,
          glass_columns_b, glass_columns_a, glass_columns_a, glass_columns_c,
          glass_columns_b, glass_columns_a, glass_columns_c, uniq_natasha,
          uniq_crazy_yiuf_cottage, uniq_sigmund

Action                   |  1- 3 |  4- 6 || total
-------------------------+-------+-------++-------
Melee: War axe           |   135 |    18 ||   153
  Use: Scroll            |       |     8 ||     8
 Stab: Sleeping          |     1 |       ||     1
  Eat: Chunk             |     2 |     1 ||     3
